 Dungeon Crawl Stone Soup version 0.27-a0-1202-ge72e49191c (webtiles) character file.

Game seed: 33460851442499799

1628 Delamore the Spear-Bearer (level 9, -1/68 HPs)
             Began as a Formicid Fighter on June 4, 2021.
             Slain by an ogre
             ... wielding a +0 giant club
              (26 damage)
             ... on level 6 of the Dungeon.
             The game lasted 00:05:58 (5282 turns).

Delamore the Spear-Bearer (Formicid Fighter)        Turns: 5282, Time: 00:05:59

Health: -1/68      AC:  6    Str: 31    XL:     9   Next: 18%
Magic:  9/9        EV: 10    Int:  7    God:
Gold:   269        SH: 12    Dex: 17    Spells: 8/8 levels left

rFire    . . .     SeeInvis +   a - +0 trident
rCold    . . .     Faith    .   c - +0 kite shield
rNeg     . . .     Spirit   .   n - +1 ring mail "Rorot" {rElec Dex+7}
rPois    .         Reflect  .   (helmet unavailable)
rElec    +         Harm     .   (no cloak)
rCorr    .         Rampage  .   (no gloves)
Will     .....                  (no boots)
Stlth    +.........             (no amulet)
HPRegen  0.21/turn              e - ring of flight
MPRegen  0.11/turn              g - +6 ring of strength

@: flying
A: permanent stasis, dig shafts and tunnels, antennae 3, four strong arms
a: Dig, Shaft Self


You were on level 6 of the Dungeon.
You visited 1 branch of the dungeon, and saw 6 of its levels.

You collected 269 gold pieces.

Inventory:

Hand Weapons
 a - a +0 trident (weapon)
Missiles
 p - 16 poisoned darts (quivered)
Armour
 b - a +0 scale mail
 c - a +0 kite shield (worn)
 n - the +1 ring mail "Rorot" (worn) {rElec Dex+7}
   (You found it on level 4 of the Dungeon)

   It affects your dexterity (+7).
   It insulates you from electricity.
Jewellery
 e - a ring of flight (left hand)
 g - a +6 ring of strength (right hand)
 t - a ring of ice
Wands
 h - a wand of paralysis (2)
Scrolls
 f - a scroll of enchant weapon
 k - 2 scrolls of noise
 u - a scroll of fear
Potions
 d - a potion of might
 i - 2 potions of mutation
 j - 3 potions of heal wounds
 l - a potion of haste
 m - a potion of berserk rage
 o - a potion of attraction
 q - 4 potions of curing
 r - 3 potions of brilliance {unknown}
 s - a potion of flight {unknown}


   Skills:
 - Level 5.0 Fighting
 * Level 9.2 Polearms
 + Level 1.6 Throwing
 - Level 3.2 Armour
 - Level 7.0 Shields


You had 8 spell levels left.
You didn't know any spells.
Your spell library contained the following spells:

 Spells                   Type           Power      Damage    Failure   Level
 Freeze                   Ice            0%         1d3       69%         1
 Magic Dart               Conj           0%         1d3       69%         1
 Call Imp                 Summ           0%         N/A       83%         2
 Slow                     Hex            0%         N/A       83%         2
 Conjure Flame            Conj/Fire      0%         6-21      96%         3
 Frozen Ramparts          Ice            0%         1d2       96%         3
 Mephitic Cloud           Conj/Pois/Air  0%         N/A       96%         3
 Ozocubu's Armour         Ice            0%         N/A       96%         3
 Hailstorm                Conj/Ice       0%         3d3       100%        4
 Metabolic Englaciation   Hex/Ice        0%         N/A       100%        5
 Blink                    Tloc           Unusable   N/A       N/A         2

Dungeon Overview and Level Annotations

Branches:
Dungeon (6/15)
 Temple: D:4-7

Altars:
Ashenzari
Nemelex Xobeh
Ru
Uskayaw
Xom
Yredelemnul

Annotations:
D:4 1 runed translucent door, 27snakeeyes612's ghost, amateur NaFi


Innate Abilities, Weirdness & Mutations

You cannot be hasted, slowed, berserked, paralysed or teleported.
You can dig through walls and to a lower floor.
You have a pair of large antennae on your head. (SInv)
Your four strong arms can wield two-handed weapons with a shield.


Message History

You puncture the orc priest!
You kill the orc priest!
A gnoll comes into view. It is wielding a +0 club.
You block the orc's attack.
The gnoll shouts!
You hit the gnoll.
The gnoll is moderately wounded.
You hear a shout!
An orc priest comes into view. It is wielding a +0 short sword.
The gnoll hits you with a +0 whip.
You hear a shout!
You puncture the gnoll!
The gnoll is almost dead.
The orc hits you but does no damage. You block the ogre's attack.
You block the gnoll sergeant's attack.
You see here a warg corpse.
You see here a poisoned dart.
You block the gnoll's attack.
The orc priest begins to cast a cantrip, but forgets the words!
You block the gnoll sergeant's attack.
The kobold brigand throws a poisoned dart.
The poisoned dart hits you!
You are poisoned.
The ogre hits you with a +0 giant club!
The gnoll sergeant hits you from afar with a +0 spear.
You feel sick.
The gnoll throws a stone.
You block the stone.
You feel sick.
The orc priest miscasts a cantrip.
You feel sick. You block the orc's attack. You block the gnoll's attack.
You see here a poisoned dart.
You feel sick. The gnoll hits you with a +0 whip.
You feel sick.
You feel sick.
You feel sick.
You see here a hound skeleton.
You feel sick.
You are no longer poisoned.
There is a stone staircase leading up, spattered with blood here.
The ogre hits you with a +0 giant club!!
You die...

[..........o......
..........g...#####
####......)........
#........(...#####.
..........K........
####.........#######
#......gog.......
########O÷..####
########.@.....#
...................
.#.#.#.<........###
...............<#
.#.#.#..........#
................#
.#.#.#.........##
................
.....##.........


You could see a kobold brigand, an ogre, a gnoll sergeant, 2 gnolls and an orc.

Vanquished Creatures
  A warg (D:6)
  A water moccasin (D:5)
  An orc warrior (D:3)
  A centaur (D:5)
  2 ogres (D:4)
  A kobold brigand (D:6)
  A scorpion (D:5)
  3 howler monkeys
  3 centaur zombies
  An orc priest (D:6)
  A gnoll shaman (D:5)
  8 hounds
  5 orc wizards (D:4)
  3 hound skeletons
  4 gnolls (D:5)
  A howler monkey skeleton (D:5)
  7 adders
  A white imp (D:5)
  An adder skeleton (D:4)
  2 worms
  10 orcs
  9 endoplasms
  5 giant cockroaches
  9 goblins
  5 hobgoblins
  19 jackals
  9 kobolds
  3 quokkas (D:2)
  11 ball pythons
  3 bats
  8 frilled lizards
  6 rats
145 creatures vanquished.

Vanquished Creatures (collateral kills)
  A hound (D:5)
1 creature vanquished.

Grand Total: 146 creatures vanquished

Notes
Turn   | Place    | Note
-------+----------+-------------------------------------------
     0 | D:1      | Delamore the Formicid Fighter began the quest for the Orb.
     0 | D:1      | Reached XP level 1. HP: 18/18 MP: 1/1
   170 | D:1      | Reached XP level 2. HP: 24/24 MP: 2/2
   509 | D:1      | Reached XP level 3. HP: 11/29 MP: 3/3
   968 | D:2      | Reached skill level 3 in Polearms
  1235 | D:2      | Reached XP level 4. HP: 32/37 MP: 4/4
  1811 | D:3      | Found a sparkling altar of Nemelex Xobeh.
  2095 | D:3      | Reached XP level 5. HP: 41/42 MP: 5/5
  2380 | D:4      | Reached skill level 4 in Polearms
  2564 | D:4      | Found a broken altar of Ashenzari.
  2615 | D:4      | Reached XP level 6. HP: 43/49 MP: 6/6
  2681 | D:4      | Identified the +1 ring mail "Rorot" {rElec Dex+7}
  2683 | D:4      | Noticed 27snakeeyes612's ghost (amateur NaFi)
  2711 | D:4      | Found a runed translucent door.
  2734 | D:4      | Noticed an orc warrior
  2955 | D:3      | Killed an orc warrior
  2956 | D:3      | Reached skill level 5 in Shields
  3164 | D:4      | Reached skill level 5 in Polearms
  3185 | D:4      | Reached XP level 7. HP: 55/55 MP: 7/7
  3223 | D:4      | Reached skill level 5 in Fighting
  3349 | D:4      | Found a basalt altar of Yredelemnul.
  3358 | D:4      | Found a shimmering altar of Xom.
  3731 | D:4      | Found a hide-covered altar of Uskayaw.
  3759 | D:4      | Reached skill level 6 in Polearms
  3963 | D:5      | Entered Level 5 of the Dungeon
  4015 | D:5      | Reached XP level 8. HP: 20/62 MP: 8/8
  4458 | D:5      | Reached skill level 7 in Polearms
  4884 | D:5      | Found a sacrificial altar of Ru.
  4978 | D:6      | Reached skill level 8 in Polearms
  5206 | D:6      | Reached XP level 9. HP: 53/68 MP: 9/9
  5256 | D:6      | Reached skill level 9 in Polearms
  5256 | D:6      | Reached skill level 1 in Throwing
  5282 | D:6      | Slain by an ogre

Illustrated notes

Levels and vault maps discovered:
D:1:      dpeg_arrival_round_b, layout_basic
D:2:      layout_basic, chequers_serial_rivers_micro_b
D:3:      layout_rooms, nemelex_xobeh_ov_fountains_minmay, minmay_statues_item
D:4:      layout_loops_ring, nicolae_uskayaw_murder_on_the_dancefloor,
          nicolae_overflow_crystal_walls, jmf_multi_god_temple,
          hellmonk_ghost_happy_afterlife
D:5:      layout_rooms, nicolae_ru_path_of_blood
D:6:      lemuel_castle_with_subvaults [lemuel_castle_interior_carwin_2],
          layout_rooms, makhleb_grotto_becter, serial_co_window_serial,
          co_window_paths_a, co_window_corner_a, co_window_paths_b,
          co_window_cross_1, co_window_corner_a, co_window_cross_1,
          co_window_corner_a, co_window_of_opportunity_c, co_window_corner_ca,
          co_window_broadway_a, glass_columns_b, glass_columns_b,
          serial_bayou_pond_e

Skill      XL: |  1  2  3  4  5  6  7  8  9 |
---------------+----------------------------+-----
Shields        | 4 5 6 7 |  7.0
Polearms       | 3 4 5 6 8 9 |  9.2
Fighting       | 4 5 |  5.0
Throwing       | 1 |  1.6
Armour         | |  3.2

Action                   |  1- 3 |  4- 6 |  7- 9 || total
-------------------------+-------+-------+-------++-------
Melee: Trident           |   107 |   212 |   212 ||   531
Throw: Dart              |       |       |     9 ||     9
 Abil: Dig               |       |     2 |     4 ||     6
Evoke: Wand              |       |     2 |     1 ||     3
  Use: Scroll            |     1 |     8 |     5 ||    14
 Stab: Paralysed         |       |     7 |     3 ||    10
Armor: Scale mail        |    38 |    83 |       ||   121
       Ring mail         |       |     4 |    57 ||    61
Dodge: Dodged            |    25 |    73 |    88 ||   186
Block: Kite shield       |    49 |   123 |   122 ||   294

Table legend: (Time is in decaauts)
 A = Elapsed time spent in this place.
 B = Non-inter-level travel time spent in this place.
 C = Inter-level travel time spent in this place.
 D = Time resting spent in this place.
 E = Time spent auto-exploring this place.
 F = Levels seen in this place.
 G = Mean time per level.
                   A        B        C        D        E       F      G
               +--------+--------+--------+--------+--------+-----+--------+
         Total |   5382 |   5284 |     98 |   1002 |   3077 |   6 |  897.0 |
       Dungeon |   5382 |   5284 |     98 |   1002 |   3077 |   6 |  897.0 |
               +--------+--------+--------+--------+--------+-----+--------+

Top non-repeatable levels by time:
     D:4: 1372 daAuts
     D:5: 1182 daAuts
     D:2: 1089 daAuts
     D:3: 908 daAuts
     D:1: 692 daAuts
     D:6: 137 daAuts
